 Dungeon Crawl Stone Soup version 0.21-a0-128-gf2b353c (webtiles) character file.

96590 kuniqs the Eclecticist (level 15, -4/85 HPs)
             Began as a Deep Elf Fire Elementalist on July 16, 2017.
             Was a High Priest of Vehumet.
             Killed from afar by a shock serpent (16 damage)
             ... with a bolt of electricity
             ... on level 1 of the Snake Pit on July 18, 2017.
             The game lasted 01:27:23 (32080 turns).

kuniqs the Eclecticist (DEFE)                      Turns: 32080, Time: 01:27:25

Health: -4/85      AC: 14    Str:  3    XL:     15   Next: 69%
Magic:  29/36      EV: 16    Int: 27    God:    Vehumet [*****.]
Gold:   677        SH:  5    Dex: 15    Spells: 0/45 levels left

rFire    + . .     SeeInvis +   y - staff of wizardry
rCold    + . .     Gourm    .   U - +0 buckler
rNeg     + . .     Faith    .   F - +2 leather armour {rF+}
rPois    .         Spirit   .   x - +1 helmet of Eternity {SInv}
rElec    .         Reflect  .   u - +2 cloak
rCorr    .         Harm     .   b - +2 pair of gloves of Beyond {+Fly rN+ Str-2}
MR       +....                  Q - +0 pair of boots {run}
Stlth    ++++......             Z - amulet of magic regeneration
HPRegen  0.24/turn              t - ring of ice
MPRegen  0.50/turn              L - ring of protection from fire

@: quick
A: no striking features
a: Renounce Religion, Evoke Flight


You were on level 1 of the Snake Pit.
You worshipped Vehumet.
Vehumet was extremely pleased with you.
You were hungry.

You visited 5 branches of the dungeon, and saw 25 of its levels.
You visited 1 bazaar.
You also visited: Volcano.

You collected 2588 gold pieces.
You spent 1911 gold pieces at shops.

Inventory:

Hand Weapons
 P - the +4 arbalest "Vin Edd" {flame, *Corrode rPois rC++ Dex+4}
   (You found it on level 4 of the Lair of Beasts)

   It causes projectiles fired from it to burn those they strike, causing extra
   injury to most foes and up to half again as much damage against particularly
   susceptible opponents.
   It affects your dexterity (+4).
   It greatly protects you from cold.
   It protects you from poison.
   It may corrode you when you take damage.
Missiles
 w - 2 throwing nets (quivered)
Armour
 b - the +2 pair of gloves of Beyond (worn) {+Fly rN+ Str-2}
   (You bought it in a shop in a bazaar)

   It affects your strength (-2).
   It protects you from negative energy.
   It lets you fly.
 u - a +2 cloak (worn)
 x - the +1 helmet of Eternity (worn) {SInv}
   (You bought it in a shop in a bazaar)

   It lets you see invisible.
 F - a +2 leather armour of fire resistance (worn)
 Q - a +0 pair of boots of running (worn)
 U - a +0 buckler (worn)
Magical Staves
 y - an uncursed staff of wizardry (weapon)
Jewellery
 t - a ring of ice (left hand)
 E - an uncursed ring of protection from cold
 L - a ring of protection from fire (right hand)
 V - an uncursed ring of resist corrosion
 Z - an amulet of magic regeneration (around neck)
Wands
 a - a wand of acid (4/15)
 H - a wand of clouds (0/9)
 J - a wand of paralysis (4/24)
 M - a wand of confusion (32/48)
 N - a wand of flame (23/48)
 S - a wand of polymorph (13/24)
 T - a wand of clouds (5/9)
 X - a wand of iceblast (6/15)
Scrolls
 c - 4 scrolls of enchant armour
 h - 3 scrolls of fog
 i - 3 scrolls of immolation
 j - 4 scrolls of amnesia
 k - 3 scrolls of magic mapping
 n - 6 scrolls of teleportation
 s - 15 scrolls of remove curse {@r2}
 G - 4 scrolls of recharging
 W - a scroll of blinking {unknown}
 Y - a scroll of fear {unknown}
Potions
 l - 4 potions of heal wounds
 m - 5 potions of haste
 o - 3 potions of brilliance
 p - a potion of cancellation
 q - 4 potions of might
 v - 3 potions of invisibility
 z - 2 potions of mutation
 A - 3 potions of flight
 C - a potion of agility
 D - 2 potions of resistance
 I - 3 potions of magic
 K - 6 potions of curing {@q1}
Miscellaneous
 g - a fan of gales
 O - a lightning rod (4/4)
Comestibles
 d - 21 bread rations
 e - 12 meat rations
 f - 15 fruits
 r - 6 royal jellies


   Skills:
 + Level 6.6 Fighting
 + Level 10.0 Dodging
 - Level 10.0 Stealth
 - Level 4.0 Shields
 + Level 15.7 Spellcasting
 - Level 11.0 Conjurations
 * Level 5.0 Hexes
 - Level 8.2 Charms
 - Level 2.4 Summonings
 - Level 6.5 Necromancy
 - Level 11.1 Fire Magic
 - Level 10.9 Ice Magic
 - Level 8.0 Air Magic
 - Level 6.0 Evocations


You couldn't memorise any spells.
You knew the following spells:

 Your Spells              Type           Power        Failure   Level  Hunger
a - Bolt of Fire          Conj/Fire      ######....   1%          6    ####...
b - Throw Flame           Conj/Fire      ######       1%          2    None
c - Conjure Flame         Conj/Fire      ######..     1%          3    None
d - Sticky Flame          Conj/Fire      ######..     1%          4    None
e - Fireball              Conj/Fire      ######....   1%          5    None
f - Cause Fear            Hex            #####.....   2%          4    None
g - Freeze                Ice            ####         1%          1    None
h - Freezing Cloud        Conj/Ice/Air   #######...   1%          6    ####...
i - Regeneration          Chrm/Necr      ######....   1%          3    None
j - Ozocubu's Refrigerat  Ice            #######...   1%          6    ####...
k - Summon Lightning Spi  Summ/Air       #####...     2%          4    None
l - Animate Skeleton      Necr           N/A          1%          1    None


Dungeon Overview and Level Annotations

Branches:
Dungeon (15/15)            Temple (1/1) D:5            Lair (6/6) D:9
 Shoals (0/4) Lair:2        Snake (1/4) Lair:3        Slime (0/5) Lair:6
    Orc (2/2) D:10            Elf (0/3) Orc:2        Vaults (0/5) D:14
 Depths: D:15

Altars:
Ashenzari
Cheibriados
Dithmenos
Elyvilon
Fedhas
Gozag
Hepliaklqana
Kikubaaqudgha
Makhleb
Nemelex Xobeh
Okawaru
Qazlal
Ru
Sif Muna
Trog
Uskayaw
Vehumet
Wu Jian
Xom
Yredelemnul
Zin
The Shining One
Jiyva

Shops:
D:10 %   Orc:2 :[!*   Snake:1 ((!

Portals:
Pandemonium: Orc:2

Annotations:
D:13 BIG FUCKING VAULT
Lair:2 exclusion: oklob plant


Message History

The shock serpent is engulfed in freezing vapours.
The shock serpent's electric aura discharges, shocking you!
The shock serpent is engulfed in freezing vapours.
The shock serpent's electric aura discharges, shocking you!
Aim: a shock serpent (severely wounded, slow)
The sticky flame hits the shock serpent.
The shock serpent is covered in liquid flames!
The shock serpent's electric aura discharges, shocking you!
The shock serpent burns!
The shock serpent shoots out a bolt of lightning at you!
The bolt of electricity hits you! x2
The bolt of electricity hits the shock serpent.
The shock serpent completely resists.
The shock serpent burns!
The shock serpent bites you!
* * * LOW HITPOINT WARNING * * *
The shock serpent shocks you!
* * * LOW HITPOINT WARNING * * *
The shock serpent shoots out a bolt of lightning at you!
The bolt of electricity misses you. The bolt of electricity hits you!
You die...

#. ..... #.####)#
#.##.... #.#.#...
...... #.#.⌠.⌠# #....
#....∩.#
#######...########⌠.⌠#
.......#.............
###..#..#..#####....##
####.#...[.#..#
#.....)
.....8.8@8....#
#......
####..⌠.⌠..#.##
#.###.# .....8.∩S8.#.#
#...[.# ###.#.⌠.⌠.§#.#
####### .. #8.8.8§#..
## ####§#§### #§§§§.
#######


You could see a shock serpent (burning).

Vanquished Creatures
  The ghost of p0werm0de the Black Belt, a journeyman DsCK of Xom (Snake:1)
  Snorg (Orc:1)
  Josephine (Orc:2)
  The ghost of braks the Cleaver, a journeyman HOCK of Xom (D:8)
  4 vault guards (D:14)
  A naga warrior (Snake:1)
  3 hydras
  2 centaur warriors (D:14)
  An ogre mage (D:13)
  2 two-headed ogres
  An anaconda (Snake:1)
  A tengu warrior (D:12)
  7 orc high priests
  2 shock serpents (Snake:1)
  A naga sharpshooter (Snake:1)
  A soul eater (Orc:2)
  2 unseen horrors (D:14)
  2 gelid demonspawn (Orc:2)
  An infernal demonspawn (Orc:2)
  2 cherubim (D:14)
  A wolf spider zombie (D:14)
  6 orc knights
  Pikel (D:6)
  A deep elf mage (D:14)
  A mana viper (Snake:1)
  6 orc sorcerers
  6 ugly things
  12 elephants
  4 black mambas
  Joseph (D:7)
  3 merfolk sirens (Lair:2)
  3 centaur zombies
  A guardian serpent (Snake:1)
  3 naga magi (Snake:1)
  Psyche (D:12)
  22 spiny frogs
  A torpor snail (shapeshifter) (D:14)
  3 centaur skeletons
  6 komodo dragons
  A hellwing (Orc:2)
  A red devil (Orc:2)
  2 tengu conjurers (D:14)
  A merfolk (Lair:2)
  3 polar bears
  A slime creature (D:13)
  4 hornets (Lair:6)
  6 trolls
  Grinder (D:4)
  36 blink frogs
  6 dream sheep (Lair:5)
  9 hippogriffs
  A shadow (D:10)
  A wyvern (D:11)
  11 spriggans (Lair:6)
  A vampire (D:12)
  A ynoxinul (Orc:2)
  A yak (shapeshifter) (D:14)
  4 wraiths
  6 basilisks
  41 yaks
  5 nagas (Snake:1)
  9 swamp worms (Lair:6)
  3 hungry ghosts
  4 wargs
  14 water moccasins
  A soldier ant (D:14)
  12 porcupines
  35 orc warriors
  5 black bears
  6 ice beasts
  4 sky beasts
  A necrophage (D:11)
  18 ogres
  2 phantoms
  28 wolves
  5 boggarts
  6 centaurs
  18 crocodiles
  2 big kobolds
  21 bullfrogs
  4 scorpions
  A wyvern skeleton (D:11)
  17 wights
  4 howler monkeys
  6 crimson imps
  2 bullfrog zombies
  A quasit (D:6)
  12 hounds
  3 jellies
  A gnoll shaman (D:8)
  Crazy Yiuf (D:4)
  4 iguanas
  29 orc priests
  24 orc wizards
  A bullfrog skeleton (D:13)
  10 worker ants
  Terence (D:2)
  A worker ant zombie (D:8)
  A howler monkey skeleton (D:4)
  11 adders
  19 gnolls
  2 shadow imps
  An adder zombie (D:9)
  16 worms
  2 dart slugs
  5 leopard geckos
  82 orcs
  6 giant cockroaches
  3 goblins
  5 hobgoblins
  4 jackals
  6 quokkas
  A ball python (D:3)
  6 bats
  4 frilled lizards
  6 kobolds
  A leopard gecko skeleton (D:4)
  A quokka skeleton (D:5)
  12 rats
  12 fungi
  6 plants
790 creatures vanquished.

Vanquished Creatures (collateral kills)
  A nagaraja (Snake:1)
  An orc high priest (Orc:2)
  Nergalle (D:12)
  An ugly thing (D:14)
  2 manticores
  A wraith (Orc:2)
  An orc warrior (Orc:2)
  2 orc priests (Orc:2)
  2 worker ants
  4 orcs (Orc:2)
16 creatures vanquished.

Vanquished Creatures (others)
  4 slaves (D:6)
  A scorpion (D:6)
  A wight (D:6)
  An orc wizard (D:6)
  2 orcs (D:6)
  18 fungi
  31 plants
58 creatures vanquished.

Grand Total: 864 creatures vanquished

Notes
Turn   | Place    | Note
-------+----------+-------------------------------------------
     0 | D:1      | kuniqs the Deep Elf Fire Elementalist began the quest for the Orb.
     0 | D:1      | Reached XP level 1. HP: 10/10 MP: 6/6
   697 | D:1      | Reached XP level 2. HP: 15/15 MP: 3/8
   701 | D:1      | Learned a level 2 spell: Throw Flame
  1314 | D:2      | Reached XP level 3. HP: 19/19 MP: 5/10
  1356 | D:2      | Noticed Terence
  1363 | D:2      | Learned a level 3 spell: Conjure Flame
  2078 | D:3      | Noticed an ice beast
  2087 | D:3      | Killed an ice beast
  2087 | D:3      | Reached skill level 4 in Spellcasting
  2087 | D:3      | Reached XP level 4. HP: 24/24 MP: 0/12
  2087 | D:3      | Reached XP level 5. HP: 28/28 MP: 0/13
  2093 | D:3      | Learned a level 4 spell: Sticky Flame
  2766 | D:3      | Found a bloodstained altar of Trog.
  2932 | D:4      | Found a runed door.
  2936 | D:4      | Noticed Crazy Yiuf
  2946 | D:4      | Killed Crazy Yiuf
  3027 | D:4      | Noticed a phantom
  3044 | D:4      | Killed a phantom
  3044 | D:4      | Reached skill level 5 in Fire Magic
  3044 | D:4      | Reached XP level 6. HP: 32/32 MP: 2/15
  3242 | D:4      | Noticed an ice beast
  3253 | D:4      | Killed an ice beast
  3253 | D:4      | Reached skill level 5 in Spellcasting
  3253 | D:4      | Reached skill level 5 in Conjurations
  3607 | D:4      | Reached XP level 7. HP: 31/36 MP: 11/16
  4031 | D:4      | Noticed Grinder
  4558 | D:2      | Killed Terence
  4741 | D:4      | Learned a level 5 spell: Fireball
  4825 | D:5      | Entered Level 5 of the Dungeon
  4886 | D:5      | Found a staircase to the Ecumenical Temple.
  4895 | Temple   | Entered the Ecumenical Temple
  5019 | D:5      | Reached skill level 6 in Spellcasting
  5019 | D:5      | Reached XP level 8. HP: 41/41 MP: 8/19
  5217 | D:5      | Found a radiant altar of Vehumet.
  5221 | D:5      | Became a worshipper of Vehumet
  5227 | D:5      | Found a snail-covered altar of Cheibriados.
  5230 | D:5      | Found a sacrificial altar of Ru.
  5233 | D:5      | Found a basalt altar of Yredelemnul.
  5659 | D:6      | Found a burning altar of Makhleb.
  6295 | D:6      | Noticed Pikel
  6308 | D:6      | Killed Pikel
  6308 | D:6      | Reached skill level 7 in Spellcasting
  6308 | D:6      | Reached XP level 9. HP: 45/45 MP: 0/22
  6775 | D:6      | Found an ancient bone altar of Kikubaaqudgha.
  7039 | D:6      | Reached * piety under Vehumet
  7039 | D:6      | Offered knowledge of Sting by Vehumet.
  7414 | D:6      | Reached skill level 8 in Spellcasting
  7558 | D:7      | Learned a level 3 spell: Mephitic Cloud
  7562 | D:7      | Noticed Joseph
  7613 | D:7      | Killed Joseph
  7889 | D:7      | Reached skill level 10 in Fire Magic
  8108 | D:7      | Reached skill level 10 in Conjurations
  8777 | D:8      | Offered knowledge of Freeze by Vehumet.
  8795 | D:8      | Reached ** piety under Vehumet
  8912 | D:8      | Learned a level 1 spell: Freeze
  9040 | D:8      | Noticed braks's ghost (journeyman HOCK)
  9358 | D:9      | Reached XP level 10. HP: 50/50 MP: 20/24
  9456 | D:9      | Found a staircase to the Lair.
  9847 | D:10     | Entered Level 10 of the Dungeon
  9877 | Lair:1   | Entered Level 1 of the Lair of Beasts
 10001 | Lair:1   | Reached skill level 1 in Ice Magic
 10001 | Lair:1   | Reached skill level 1 in Evocations
 10312 | Lair:1   | Reached skill level 9 in Spellcasting
 10424 | Lair:1   | Noticed a spiny frog
 10434 | Lair:1   | Killed a spiny frog
 10678 | Lair:1   | Noticed a black mamba
 10686 | Lair:1   | Killed a black mamba
 11223 | Lair:2   | Noticed a spiny frog
 11466 | Lair:2   | Noticed a spiny frog
 11476 | Lair:2   | Noticed a spiny frog
 11479 | Lair:2   | Noticed a spiny frog
 11482 | Lair:2   | Killed a spiny frog
 11482 | Lair:2   | Reached skill level 1 in Fighting
 11487 | Lair:2   | Killed a spiny frog
 11489 | Lair:2   | Killed a spiny frog
 11489 | Lair:2   | Offered knowledge of Ignite Poison by Vehumet.
 11656 | Lair:2   | Reached XP level 11. HP: 55/56 MP: 9/26
 12253 | Lair:2   | Reached skill level 10 in Spellcasting
 12409 | Lair:2   | Reached skill level 5 in Stealth
 12415 | Lair:2   | Reached *** piety under Vehumet
 12649 | Lair:2   | Reached skill level 5 in Dodging
 12830 | Lair:2   | Noticed an oklob plant
 13145 | Lair:2   | Reached skill level 5 in Evocations
 13534 | Lair:2   | Found a staircase to the Shoals.
 13846 | Lair:3   | Found a staircase to the Snake Pit.
 13931 | Lair:3   | Reached skill level 11 in Spellcasting
 14100 | Lair:3   | Learned a level 6 spell: Freezing Cloud
 14108 | Lair:3   | Offered knowledge of Iskenderun's Mystic Blast by Vehumet.
 14192 | Lair:3   | Reached skill level 1 in Air Magic
 14547 | Lair:4   | Found a dark tunnel.
 14555 | Volcano  | Entered a volcano
 14648 | Lair:4   | Noticed an eight-headed hydra
 14693 | Lair:4   | Killed an eight-headed hydra
 14693 | Lair:4   | Reached XP level 12. HP: 64/64 MP: 11/29
 14787 | Lair:4   | Reached skill level 5 in Ice Magic
 15691 | Lair:4   | Identified the +4 arbalest "Vin Edd" {flame, *Corrode rPois rC++ Dex+4} (You found it on level 4 of the Lair of Beasts)
 15695 | Lair:4   | Reached skill level 5 in Air Magic
 16633 | Lair:5   | Noticed a seven-headed hydra
 16640 | Lair:5   | Killed a seven-headed hydra
 17269 | Lair:5   | Reached XP level 13. HP: 54/69 MP: 9/30
 17818 | Lair:5   | Learned a level 3 spell: Regeneration
 17949 | Lair:5   | Reached skill level 1 in Charms
 18167 | Lair:6   | Entered Level 6 of the Lair of Beasts
 18170 | Lair:6   | Reached skill level 1 in Necromancy
 18278 | Lair:6   | Reached skill level 12 in Spellcasting
 18301 | Lair:6   | Reached **** piety under Vehumet
 18617 | Lair:6   | Reached skill level 5 in Charms
 18619 | Lair:6   | Offered knowledge of Bolt of Magma by Vehumet.
 19280 | Lair:6   | Reached skill level 5 in Necromancy
 19577 | Lair:6   | Reached ***** piety under Vehumet
 19834 | Lair:5   | Offered knowledge of Ozocubu's Refrigeration by Vehumet.
 19854 | Lair:5   | Learned a level 6 spell: Ozocubu's Refrigeration
 19885 | Lair:6   | Reached skill level 13 in Spellcasting
 20399 | Lair:6   | Reached skill level 1 in Shields
 20413 | Lair:6   | Reached skill level 10 in Ice Magic
 20458 | Lair:6   | Paralysed by a hornet for 3 turns
 21187 | Lair:6   | Found a viscous altar of Jiyva.
 21188 | Lair:6   | Found a staircase to the Slime Pits.
 21338 | Lair:6   | Learned a level 4 spell: Summon Lightning Spire
 21967 | D:8      | Reached XP level 14. HP: 74/74 MP: 27/33
 22056 | D:8      | Killed braks's ghost
 23147 | D:4      | Killed Grinder
 23147 | D:4      | Reached skill level 1 in Summonings
 23877 | D:10     | YEY
 23927 | D:10     | Found a staircase to the Orcish Mines.
 23936 | D:10     | Found Inkevot's Food Boutique.
 24269 | D:11     | Offered knowledge of Yara's Violent Unravelling by Vehumet.
 24841 | D:12     | Noticed Psyche
 24842 | D:12     | Killed Psyche
 25100 | D:12     | Killed Nergalle
 26809 | D:14     | Found a gate to the Vaults.
 26822 | D:14     | Reached skill level 14 in Spellcasting
 26872 | D:14     | Offered knowledge of Lightning Bolt by Vehumet.
 27042 | D:14     | Found a flickering gateway to a bazaar.
 27054 | Bazaar   | Entered a bazaar
 27054 | Bazaar   | Found Miosch's Antique Weapon Shop.
 27080 | Bazaar   | Found Ceviary's General Store.
 27100 | Bazaar   | Found Eloahar's Antique Armour Shop.
 27108 | Bazaar   | Bought a pair of ancient gloves for 266 gold pieces
 27108 | Bazaar   | Bought a jewelled helmet for 266 gold pieces
 27108 | Bazaar   | Identified the +2 pair of gloves of Beyond {+Fly rN+ Str-2} (You bought it in a shop in a bazaar)
 27121 | Bazaar   | Identified the +1 helmet of Eternity {SInv} (You bought it in a shop in a bazaar)
 27137 | Bazaar   | Bought a shiny helmet for 210 gold pieces
 27182 | Bazaar   | Bought a potion of invisibility for 112 gold pieces
 27691 | D:14     | Reached skill level 5 in Fighting
 27767 | D:15     | Entered Level 15 of the Dungeon
 27895 | Orc:1    | Entered Level 1 of the Orcish Mines
 28267 | Orc:1    | Noticed Snorg
 28343 | Orc:1    | Reached XP level 15. HP: 74/82 MP: 28/35
 28504 | Orc:1    | Killed Snorg
 28879 | Orc:2    | Entered Level 2 of the Orcish Mines
 29028 | Orc:1    | Offered knowledge of Bolt of Fire by Vehumet.
 29040 | Orc:1    | Learned a level 6 spell: Bolt of Fire
 29167 | Orc:2    | Noticed Josephine
 29173 | Orc:2    | Killed Josephine
 29642 | Orc:2    | Found Oduigai's Distillery.
 29643 | Orc:2    | Found Betesonk's General Store.
 29703 | Orc:2    | Bought a potion of heal wounds for 65 gold pieces
 29703 | Orc:2    | Bought a potion of heal wounds for 65 gold pieces
 29775 | Orc:2    | Reached skill level 15 in Spellcasting
 30011 | Orc:2    | Reached skill level 10 in Stealth
 30174 | Orc:2    | Found Fimn's Book Shop.
 30174 | Orc:2    | Found a one-way gate leading to the halls of Pandemonium.
 30174 | Orc:2    | Found Xom Qarr's Antique Armour Boutique.
 30181 | Orc:2    | Bought a pair of runed boots for 247 gold pieces
 30186 | Orc:2    | Identified a +0 pair of boots of running (You bought it in a shop on level 2 of the Orcish Mines)
 30189 | Orc:2    | Bought a book of Debilitation for 680 gold pieces
 30195 | Orc:2    | Learned a level 4 spell: Cause Fear
 30288 | Orc:2    | Found a staircase to the Elven Halls.
 30770 | Orc:1    | Reached skill level 1 in Hexes
 30996 | Snake:1  | Entered Level 1 of the Snake Pit
 31160 | Snake:1  | Noticed p0werm0de's ghost (journeyman DsCK)
 31177 | Snake:1  | Killed p0werm0de's ghost
 31371 | Snake:1  | Found Vearghips's Weapon Shoppe.
 31413 | Snake:1  | Noticed a nagaraja
 31427 | Snake:1  | Killed a nagaraja
 31724 | Snake:1  | Reached skill level 10 in Dodging
 31801 | Snake:1  | Learned a level 1 spell: Animate Skeleton
 31822 | Snake:1  | Found Ituadu's Distillery.
 31857 | Snake:1  | Reached skill level 5 in Hexes
 32066 | Snake:1  | Found Oxypruur's Antique Weapon Boutique.
 32080 | Snake:1  | Killed from afar by a shock serpent

Vault maps used:
D:1:      dpeg_arrival_windows_large_door, serial_aquarium,
          aquarium_bridge_square, aquarium_bridge_square, aquarium_window_1,
          aquarium_window_2, aquarium_window_fake, aquarium_window_double,
          aquarium_view_2c, aquarium_balcony_1b
D:2:      uniq_terence
D:3:      marbit_many_paths, first_bread
D:4:      uniq_crazy_yiuf_cottage, uniq_grinder
D:5:      grunt_temple_overflow_cloverleaf, minmay_temple_entry_glass
D:6:      kiku_gazebo_pond_becter, lemuel_crystal_altar, uniq_pikel
D:7:      grunt_ministairs_8, uniq_joseph
D:9:      dpeg_oklobed_lair
D:10:     kennysheep_six_static_rooms, serial_shops, shop_fountains,
          grunt_ogre_cave
D:12:     minmay_item_behind_shaft, uniq_nergalle, uniq_psyche
D:13:     minmay_diamond_stairs
D:14:     lightli_vaults_fourway_checkpoint, serial_shops, bzr_entry_islet,
          small_statue_intersection, pf_eden
D:15:     grunt_enter_depths_giant_problem, serial_glass, glass_columns_a,
          glass_columns_b, glass_columns_b, glass_columns_a, glass_columns_a,
          nicolae_gozag_zags_fifth_avenue
Temple:   eino_wide_crystal_templ
Lair:2:   elwin_shoals_entry_stream, minmay_lair_oklob_items, lemuel_fruit_tree,
          grunt_megastairs_3
Lair:3:   dummy_snake_entry
Lair:4:   enter_volcano_1
Lair:5:   serial_bayou_pond_a
Lair:6:   minmay_lair_end_enchanted_forest, slime_altar_1, worms_lemuel
Snake:1:  nrook_guardian_serpent_snake_passage, serial_shops,
          nicolae_shop_window_shopping,
          nicolae_shop_temple_entry_statues_fountains, shop_fountains,
          serial_bayou_pond_c, serial_bayou_shore_b
Orc:1:    uniq_snorg
Orc:2:    pf_orc_diabolical, minmay_orc_keep, uniq_josephine
Bazaar:   bazaar_jpeg_cross
Volcano:  volcano_overflow

Skill      XL: |  1  2  3  4  5  6  7  8  9 10 11 12 13 14 15 |
---------------+----------------------------------------------+-----
Conjurations   | 2 3 4 5 6 8 10 11 | 11.0
Fire Magic     | 4 5 7 8 10 11 | 11.1
Spellcasting   | 4 5 6 7 8 9 11 13 14 15 | 15.7
Ice Magic      | 3 4 9 10 | 10.9
Evocations     | 3 6 |  6.0
Fighting       | 1 3 5 6 |  6.6
Dodging        | 3 5 8 10 | 10.0
Stealth        | 4 6 9 10 | 10.0
Air Magic      | 2 7 8 |  8.0
Charms         | 7 8 |  8.2
Necromancy     | 6 |  6.5
Shields        | 2 4 |  4.0
Summonings     | 2 |  2.4
Hexes          | 5 |  5.0

Action                   |  1- 3 |  4- 6 |  7- 9 | 10-12 | 13-15 || total
-------------------------+-------+-------+-------+-------+-------++-------
Melee: Long sword        |       |       |    17 |       |     2 ||    19
       Staff             |       |       |     1 |     1 |     2 ||     4
 Cast: Flame Tongue      |    63 |    95 |   251 |   149 |    49 ||   607
       Throw Flame       |    19 |     6 |    87 |   117 |   296 ||   525
       Conjure Flame     |     2 |     8 |    28 |    47 |    36 ||   121
       Sticky Flame      |       |       |     4 |    43 |    34 ||    81
       Freeze            |       |       |     3 |    13 |    67 ||    83
       Mephitic Cloud    |       |       |     3 |     1 |       ||     4
       Fireball          |       |       |       |    43 |   114 ||   157
       Freezing Cloud    |       |       |       |    18 |   123 ||   141
       Ozocubu's Refrige |       |       |       |       |    37 ||    37
       Regeneration      |       |       |       |       |    10 ||    10
       Summon Lightning  |       |       |       |       |    30 ||    30
       Bolt of Fire      |       |       |       |       |    66 ||    66
Evoke: Wand              |       |       |     1 |     5 |    15 ||    21
       Lightning rod     |       |       |       |     2 |     6 ||     8
  Use: Scroll            |       |     2 |    16 |     7 |    15 ||    40
       Potion            |       |     1 |     3 |       |     4 ||     8
 Stab: Paralysed         |       |       |       |       |     2 ||     2
  Eat: Chunk             |     4 |     5 |    17 |    30 |    82 ||   138
       Fruit             |       |       |     1 |     5 |     8 ||    14
Armor: Robe              |     4 |       |     9 |       |       ||    13
       Ring mail         |       |       |     1 |    24 |    22 ||    47
       Leather armour    |       |       |       |    11 |    68 ||    79
Dodge: Dodged            |    12 |     6 |    48 |    58 |   133 ||   257
Block: Buckler           |       |       |       |       |    34 ||    34
       Rpst.: Long sword |       |     2 |    13 |       |     1 ||    16
